 Dungeon Crawl Stone Soup version 0.20-a0-842-g939b552 (webtiles) character file.

900 Eptagon the Shield-Bearer (level 8, 0/64 HPs)
             Began as a Formicid Fighter on Mar 9, 2017.
             Was an Initiate of Okawaru.
             Slain by a wight
             ... wielding a +4 halberd
              (2 damage)
             ... on level 5 of the Dungeon.
             The game lasted 00:04:11 (4275 turns).

Eptagon the Shield-Bearer (Formicid Fighter)        Turns: 4275, Time: 00:04:12

Health: 0/64       AC:  7    Str: 22    XL:     8   Next: 28%
Magic:  8/8        EV:  8    Int:  9    God:    Okawaru [......]
Gold:   256        SH: 10    Dex: 10    Spells: 7/7 levels left

rFire    . . .     SeeInvis +   a - +5 battleaxe (curse)
rCold    . . .     Gourm    .   b - +0 scale mail
rNeg     . . .     Faith    .   c - +0 shield
rPois    .         Spirit   .   (helmet unavailable)
rElec    .         Reflect  .   (no cloak)
rCorr    +         Harm     .   (no gloves)
MR       .....                  (no boots)
Stlth    ..........             (no amulet)
Regen    0.2/turn               (no ring)
MPRegen  0.2/turn               u - ring of resist corrosion

@: drained
A: permanent stasis, dig shafts and tunnels, four strong arms, antennae 3
a: Dig, Shaft Self, Renounce Religion


You were on level 5 of the Dungeon.
You worshipped Okawaru.
Okawaru was noncommittal.
You were very hungry.

You visited 2 branches of the dungeon, and saw 6 of its levels.

You collected 256 gold pieces.

Inventory:

Hand Weapons
 a - a cursed +5 battleaxe (weapon)
Armour
 b - a +0 scale mail (worn)
 c - a +0 shield (worn)
Jewellery
 u - a ring of resist corrosion (left hand)
Wands
 v - a wand of enslavement (17/24)
Scrolls
 d - a scroll of recharging {unknown}
 e - 4 scrolls of identify {unknown}
 k - 2 scrolls of teleportation {unknown}
 l - a scroll of random uselessness {unknown}
 m - 3 scrolls of remove curse {unknown}
 n - 2 scrolls of immolation {unknown}
 o - 2 scrolls of blinking {unknown}
Potions
 g - 5 potions of heal wounds {unknown}
 h - a potion of brilliance {unknown}
 j - 2 potions of haste {unknown}
 p - 2 potions of resistance {unknown}
 q - 3 potions of curing {unknown}
 r - 3 potions of lignification {unknown}
Books
 t - a book of Maledictions

   Spells                             Type                      Level
   a - Corona                         Hexes                        1
   b - Ensorcelled Hibernation        Hexes/Ice                    2
   c - Confuse                        Hexes                        3
   d - Tukima's Dance                 Hexes                        3
   e - Dazzling Spray                 Conjuration/Hexes            3
Comestibles
 f - 4 bread rations
 i - 4 royal jellies
 s - a fruit


   Skills:
 + Level 6.0(5.0) Fighting
 + Level 4.8(3.8) Axes
 + Level 5.7(4.8) Armour
 + Level 6.4(5.4) Shields


You had 7 spell levels left.
You didn't know any spells.

Dungeon Overview and Level Annotations

Branches:
Dungeon (5/15)             Temple (1/1) D:4

Altars:
Ashenzari
Cheibriados
Dithmenos
Elyvilon
Fedhas
Hepliaklqana
Kikubaaqudgha
Makhleb
Nemelex Xobeh
Okawaru
Qazlal
Ru
Trog
Uskayaw
Vehumet
Wu Jian
Xom
Yredelemnul
The Shining One


Innate Abilities, Weirdness & Mutations

You cannot be hasted, slowed, berserked, paralysed or teleported.
You can dig through walls and to a lower floor.
Your four strong arms can wield two-handed weapons with a shield.
You have a pair of large antennae on your head. (SInv)


Message History

You barely miss the wight.
The wight is moderately damaged.
The wight hits you with an enchanted halberd.
You closely miss the wight.
The wight is moderately damaged.
The wight hits you with an enchanted halberd.
You feel drained.
The wight hits you with an enchanted halberd!
* * * LOW HITPOINT WARNING * * *
You feel drained.
* * * LOW HITPOINT WARNING * * *
You hit the wight.
The wight is moderately damaged.
The wight closely misses you.
Your shield prevents you from hitting the wight.
The wight is moderately damaged.
The wight hits you with an enchanted halberd.
* * * LOW HITPOINT WARNING * * *
You feel drained.
You die...

................#
..........##.....
................
...##..#.......#
... ##...###....
.. ##.)# ....
##.## ##.
...###..#
.......@#
...####z# . #).
#..# .... ....#
....# .....#


You could see a wight.

Vanquished Creatures
  Pikel (D:4)
  A slave (D:4)
  A phantom (D:5)
  A scorpion (D:4)
  2 wights (D:5)
  A hound (D:5)
  2 iguanas
  3 worker ants
  A hound skeleton (D:5)
  6 adders
  An adder skeleton (D:5)
  A worm (D:2)
  A dart slug (D:1)
  2 leopard geckos
  7 orcs
  9 bats
  8 giant cockroaches
  6 goblins
  3 hobgoblins
  A kobold (D:1)
  A quokka (D:3)
  3 frilled lizards
  A quokka skeleton (D:3)
  10 rats
73 creatures vanquished.

Vanquished Creatures (others)
  A slave (D:4)
  A leopard gecko (D:4)
  3 orcs (D:4)
5 creatures vanquished.

Grand Total: 78 creatures vanquished

Notes
Turn   | Place    | Note
-------+----------+-------------------------------------------
     0 | D:1      | Eptagon the Formicid Fighter began the quest for the Orb.
     0 | D:1      | Reached XP level 1. HP: 18/18 MP: 1/1
   141 | D:1      | Reached XP level 2. HP: 24/24 MP: 2/2
   609 | D:2      | Reached XP level 3. HP: 29/29 MP: 3/3
   889 | D:2      | Found a hazy altar of Hepliaklqana.
  1438 | D:3      | Reached XP level 4. HP: 18/37 MP: 4/4
  2420 | D:4      | Noticed Pikel
  2420 | D:4      | Noticed a slave
  2420 | D:4      | Noticed a slave
  2420 | D:4      | Noticed a slave
  2420 | D:4      | Noticed a slave
  2433 | D:4      | Killed Pikel
  2433 | D:4      | Reached skill level 5 in Fighting
  2433 | D:4      | Reached skill level 5 in Armour
  2433 | D:4      | Reached skill level 5 in Shields
  2433 | D:4      | Reached XP level 5. HP: 14/44 MP: 5/5
  2433 | D:4      | Reached XP level 6. HP: 16/51 MP: 6/6
  2433 | D:4      | Reached XP level 7. HP: 17/56 MP: 7/7
  2775 | D:4      | Found a shadowy altar of Dithmenos.
  2828 | D:4      | Found a sparkling altar of Nemelex Xobeh.
  3074 | D:4      | Found a burning altar of Makhleb.
  3237 | D:4      | Found a staircase to the Ecumenical Temple.
  3246 | Temple   | Entered the Ecumenical Temple
  3450 | Temple   | Became a worshipper of Warmaster Okawaru
  3820 | D:5      | Entered Level 5 of the Dungeon
  3854 | D:5      | Reached XP level 8. HP: 17/64 MP: 8/8
  4275 | D:5      | HP: 2/64 [wight/enchanted halberd (5)]
  4275 | D:5      | Slain by a wight

Vault maps used:
D:1:      minmay_arrival_doors
D:2:      nicolae_overflow_hidden_temple, kennysheep_potato
D:3:      first_bread
D:4:      kennysheep_mini, old_standard_altar,
          minmay_temple_entry_statues_fountains, minmay_hedge_maze,
          bloody_makhleb, uniq_pikel
Temple:   regret_index_temple_generic_petals

Skill      XL: |  1  2  3  4  5  6  7  8 |
---------------+-------------------------+-----
Shields        | 4 5 6 |  6.4
Armour         | 5 |  5.7
Fighting       | 5 6 |  6.0
Axes           | 4 |  4.8

Action                   |  1- 3 |  4- 6 |  7- 9 || total
-------------------------+-------+-------+-------++-------
Melee: War axe           |   110 |    60 |   118 ||   288
       Battleaxe         |       |       |    11 ||    11
  Use: Potion            |       |     1 |       ||     1
 Stab: Distracted        |       |       |     1 ||     1
  Eat: Chunk             |     2 |     3 |     5 ||    10
Armor: Scale mail        |    60 |    19 |    35 ||   114
Dodge: Dodged            |    40 |    21 |    44 ||   105
Block: Shield            |    61 |    33 |    71 ||   165
